 Dungeon Crawl Stone Soup version 0.18-a0-1443-ge8f1551 (webtiles) character file.

330 Duffy the Magician (level 6, -4/28 HPs)
             Began as a Spriggan Enchanter on Mar 1, 2016.
             Was a Follower of Kikubaaqudgha.
             Slain by a sickly siren
             ... wielding a +0 spear
              (7 damage)
             ... in a sewer.
             The game lasted 00:05:28 (2809 turns).

Duffy the Magician (Spriggan Enchanter)             Turns: 2809, Time: 00:05:28

Health: -4/28      AC:  3    Str:  4    XL:     6   Next: 26%
Magic:  1/17       EV: 18    Int: 24    God:    Kikubaaqudgha [*.....]
Gold:   193        SH:  0    Dex: 17    Spells: 5 memorised, 7 levels left

rFire  . . .     SeeInvis +     a - +1 dagger
rCold  . . .     Gourm    .     b - +1 robe
rNeg   . . .     Faith    .     (shield restricted)
rPois  .         Spirit   .     (helmet restricted)
rElec  .         Dismiss  .     (no cloak)
rCorr  .         Reflect  .     (gloves unavailable)
SustAt .         Harm     .     (boots unavailable)
MR     +....                    (no amulet)
Stlth  +++.......               (no ring)
                                k - +6 ring of intelligence

@: mesmerised, very quick, somewhat resistant to hostile enchantments, fairly
stealthy
A: unfitting armour, see invisible, herbivore 3, speed 3, slow metabolism 2
a: Receive Corpses, Renounce Religion


You were in a sewer.
You worshipped Kikubaaqudgha.
Kikubaaqudgha was aware of your devotion.
You were not hungry.

You visited 1 branch of the dungeon, and saw 3 of its levels.
You also visited: Sewer.

You collected 193 gold pieces.


Innate Abilities, Weirdness & Mutations

You are tiny and cannot use many weapons and most armour.
You have supernaturally acute eyesight.
You are an herbivore.
You cover ground extremely quickly.
You need consume almost no food.


   Skills:
 + Level 2.4 Short Blades
 - Level 3.0 Dodging
 + Level 5.3 Stealth
 - Level 7.0 Spellcasting
 * Level 4.2 Hexes


You had 7 spell levels left.
You knew the following spells:

 Your Spells              Type           Power        Failure   Level  Hunger
a - Ensorcelled Hibernat  Hex/Ice        ###...       6%          2    None
c - Confuse               Hex            ####....     3%          3    None
j - Dazzling Spray        Conj/Hex       ###.....     12%         3    None
l - Tukima's Dance        Hex            ####....     3%          3    None
r - Corona                Hex            ####...      1%          1    None

Inventory:

Hand Weapons
 a - a +1 dagger (weapon)
Armour
 b - a +1 robe (worn)
Jewellery
 k - a +6 ring of intelligence (left hand)
Scrolls
 e - 3 scrolls of identify {unknown}
 f - a scroll of remove curse {unknown}
 g - a scroll of noise {unknown}
 h - a scroll of amnesia {unknown}
 i - a scroll of recharging {unknown}
 j - a scroll of magic mapping {unknown}
 l - a scroll of fear {unknown}
 m - a scroll of teleportation {unknown}
 n - a scroll of blinking {unknown}
Potions
 o - a potion of heal wounds {unknown}
Books
 c - a book of Maledictions
 p - Kikubaaqudgha's Guide on Evil Magic

   Spells                             Type                      Level
   a - Pain                           Necromancy                   1
   b - Corpse Rot                     Necromancy                   2
   c - Sublimation of Blood           Necromancy                   2
   d - Vampiric Draining              Necromancy                   3
   e - Control Undead                 Necromancy                   4
Comestibles
 d - 4 bread rations

Dungeon Overview and Level Annotations

Branches:
Dungeon (3/15)

Altars:
Kikubaaqudgha
Makhleb
Xom


Message History

Press: ? - help, Shift-Dir - straight line, f/p - sickly siren
Aim: a sickly siren, wielding a spear (moderately wounded, mesmerising, chance to defeat MR: 17%)
The sickly siren resists with almost no effort.
The sickly siren chants its luring song.
You barely miss the sickly siren.
The sickly siren is moderately wounded.
The sickly siren chants its luring song.
You hit the sickly siren.
The sickly siren is moderately wounded.
The sickly siren chants its luring song.
You hit the sickly siren.
The sickly siren is heavily wounded.
The sickly siren chants its luring song.
You closely miss the sickly siren.
The sickly siren is heavily wounded.
The sickly siren completely misses you.
You hit the sickly siren but do no damage.
The sickly siren is heavily wounded.
The sickly siren chants its luring song.
You hit the sickly siren.
The sickly siren is severely wounded.
The sickly siren chants its luring song.
You hit the sickly siren.
The sickly siren is severely wounded.
You hit the sickly siren.
The sickly siren is almost dead.
The sickly siren chants its luring song.
You closely miss the sickly siren.
The sickly siren is severely wounded.
The sickly siren chants its luring song.
You miss the sickly siren.
The sickly siren is severely wounded.
The sickly siren hits you with a spear!
You die...
Kikubaaqudgha rasps: "You have failed me!
Welcome... death!"

##~.## ###~~~.######
#\\~~~~.....%
############# ##
##########~~~~~~~~~~
#$$
#~~~~~~~~~~~~~~%.~%.
..
###~~~#############..#
####~###~~~#.# ####
#~~~~r~mr~##@#
#~~~~~....rm.#
#~~~...####### ~~~...#
~...## ###


You could see a sickly siren and a rat.

Action                   |  1- 3 |  4- 6 || total
-------------------------+-------+-------++-------
Melee: Dagger            |   100 |   105 ||   205
 Cast: Ensorcelled Hiber |     4 |    22 ||    26
       Confuse           |     2 |     6 ||     8
 Stab: Sleeping          |    20 |    20 ||    40
       Confused          |     2 |     1 ||     3

Notes
Turn   | Place    | Note
--------------------------------------------------------------
     0 | D:1      | Duffy the Spriggan Enchanter began the quest for the Orb.
     0 | D:1      | Reached XP level 1. HP: 9/9 MP: 5/5
    40 | D:1      | Reached skill level 3 in Spellcasting
   115 | D:1      | Reached XP level 2. HP: 13/13 MP: 7/7
   119 | D:1      | Learned a level 2 spell: Ensorcelled Hibernation
  1137 | D:2      | Found a shimmering altar of Xom.
  1138 | D:2      | Found a burning altar of Makhleb.
  1260 | D:2      | Found an ancient bone altar of Kikubaaqudgha.
  1274 | D:2      | Reached XP level 3. HP: 16/16 MP: 9/9
  1294 | D:2      | Became a worshipper of Kikubaaqudgha
  1368 | D:2      | Learned a level 3 spell: Confuse
  1372 | D:2      | Learned a level 3 spell: Tukima's Dance
  1507 | D:2      | Reached skill level 4 in Spellcasting
  1533 | D:2      | Reached skill level 5 in Stealth
  1665 | D:2      | Reached skill level 2 in Short Blades
  1824 | D:2      | Noticed Sigmund
  1879 | D:2      | Killed Sigmund
  1879 | D:2      | Reached skill level 6 in Spellcasting
  1879 | D:2      | Reached XP level 4. HP: 21/21 MP: 5/13
  1879 | D:2      | Reached XP level 5. HP: 24/24 MP: 5/15
  1884 | D:2      | Learned a level 3 spell: Dazzling Spray
  2315 | D:3      | Noticed Jessica
  2318 | D:3      | Killed Jessica
  2318 | D:3      | Reached skill level 7 in Spellcasting
  2391 | D:3      | Reached XP level 6. HP: 22/28 MP: 10/17
  2473 | D:3      | Reached skill level 4 in Hexes
  2549 | D:3      | Found a glowing drain.
  2556 | Sewer    | Entered a sewer
  2592 | Sewer    | Reached * piety under Kikubaaqudgha
  2592 | Sewer    | Received a gift from Kikubaaqudgha
  2593 | Sewer    | Identified Kikubaaqudgha's Guide on Evil Magic (Kikubaaqudgha gifted it to you in a sewer)
  2809 | Sewer    | Slain by a sickly siren

Vault maps used:
D:1:      lemuel_arrival_hallway
D:2:      gammafunk_temple_overflow_statue, overflow_temple_1_default,
          first_bread, uniq_sigmund
D:3:      grunt_temple_overflow_open, gup_sewer_entry_bubbles,
          johnstein_pakellas_dig, uniq_jessica
Sewer:    sewer_sea

Vanquished Creatures
  Sigmund
  An orc wizard Jessica
  2 river rats
  3 adders
  3 worms
  3 giant geckos
  4 ball pythons
  10 bats
  2 giant cockroaches
  10 goblins
  4 hobgoblins
  4 jackals
  2 kobolds
  2 quokkas
  3 giant newts
  13 rats
68 creatures vanquished.
